 Dungeon Crawl Stone Soup version 0.29.1-12-g30fa7ad0bf (webtiles) character file.

Game seed: 12435092998235574340

32 Sanktem7 the Trooper (level 3, 0/34 HPs)
             Began as a Minotaur Fighter on Dec 26, 2022.
             Slain by an orc wizard
             ... wielding a +4 dagger
              (7 damage)
             ... on level 2 of the Dungeon.
             The game lasted 00:01:21 (702 turns).

Sanktem7 the Trooper (Minotaur Fighter)              Turns: 702, Time: 00:01:21

Health: 0/34       AC:  7    Str: 22    XL:     3   Next: 8%
Magic:  2/2        EV: 13    Int:  5    God:
Gold:   30         SH:  4    Dex:  9    Spells: 2/2 levels left

rFire   . . .      SeeInvis .   a - +0 flail {mace}
rCold   . . .      Faith    .   c - +0 buckler
rNeg    . . .      Spirit   .   b - +0 scale mail
rPois   .          Reflect  .   (helmet restricted)
rElec   .          Harm     .   (no cloak)
rCorr   .          Rampage  .   (no gloves)
Will    .....                   (no boots)
Stlth   ..........              (no amulet)
HPRegen 0.11/turn               g - +4 ring of evasion
MPRegen 0.08/turn               p - ring of flight

@: flying
A: horns 2, retaliatory headbutt
a: no special abilities


You were on level 2 of the Dungeon.
You visited 1 branch of the dungeon, and saw 2 of its levels.

You collected 30 gold pieces.


Innate Abilities, Weirdness & Mutations

You have a pair of horns on your head.
You reflexively headbutt those who attack you in melee.


   Skills:
 * Level 4.3 Fighting
 * Level 3.3 Maces & Flails
 + Level 4.0 Armour
 - Level 3.6 Shields


You had 2 spell levels left.
You didn't know any spells.
Your spell library contained the following spells:

 Spells                   Type           Power      Damage    Failure   Level
 Leda's Liquefaction      Hex/Erth       0%         N/A       100%        4
 Lee's Rapid Deconstruct  Erth           0%         3d5*      100%        5
 Statue Form              Tmut/Erth      0%         N/A       100%        6

Inventory:

Hand Weapons
 a - a +0 flail (weapon) {mace}
 r - a +1 short sword of venom {short}
   (You took it off a kobold on level 1 of the Dungeon)
Missiles
 e - 12 stones (quivered) {throwing}
 j - 7 boomerangs {throwing}
 k - 2 poisoned darts {throwing}
Armour
 b - a +0 scale mail (worn)
 c - a +0 buckler (worn)
Jewellery
 g - a +4 ring of evasion (left hand)
   (You found it on level 1 of the Dungeon)
 p - a ring of flight (right hand)
   (You found it on level 1 of the Dungeon)
Scrolls
 f - a scroll of immolation {unknown}
 i - a scroll of teleportation {unknown}
 l - a scroll of identify {unknown}
 n - a scroll of silence {unknown}
 q - 2 scrolls of blinking {unknown}
Potions
 d - a potion of might
 h - a potion of mutation {unknown}
 m - 2 potions of curing {unknown}
 o - 2 potions of heal wounds {unknown}
 s - a potion of haste {unknown}

Dungeon Overview and Level Annotations

Branches:
Dungeon (2/15) Zot: 11284

Altars:

Shops:
D:1

[ ### ## #.. . #.# .#
####.##.## #.##.....
#.##########.#@#..#
#......<....###).)#
############.#.#...[...#
##.#.....##... #.#.###.#
#...# ... ###.. .##. ...
# . ##..


There were no monsters in sight!


Message History

Done exploring.
There is a stone staircase leading down here.
You fly downwards.
There is a stone staircase leading up here.
q - 2 scrolls labelled QORUYJ TOTZI (gained 1)
You now have 30 gold pieces (gained 5).
An orc comes into view. It is wielding a +0 dagger.
The orc shouts!
You hear a shout!
The orc moves out of view.
An orc wizard and an orc come into view.
The orc wizard shouts!
The orc shouts!
The orc wizard moves out of view.
The orc moves out of view.
An orc is nearby!
An orc comes into view. It is wielding a +0 whip.
The orc misses you. You furiously retaliate!
You headbutt the orc.
An orc comes into view. It is wielding a +0 hand axe.
The orc shouts!
You hit the orc.
You kill the orc!
You hear a bark!
A jackal comes into view.
The orc wizard hits you with a +4 dagger.
Things that are here:
a +0 dagger {short}; a +0 ring mail; 😕 HP[-1]
You take 1 damage, and now have 26/27 hp.
You closely miss the orc wizard. Your headbutt misses the orc wizard.
The orc wizard casts a spell at you. The puff of flame hits you. 😕 HP[-4]
You take 4 damage, and now have 22/27 hp.
You closely miss the orc wizard. You block the orc wizard's attack.
You barely miss the orc wizard. You headbutt the orc wizard.
The orc wizard gestures wildly while chanting.
The orc wizard flickers and vanishes!
Deactivating autopickup; reactivate with Ctrl-A.
You closely miss the orc. You headbutt the orc, but do no damage.
You hear some strange, mumbled words.
A magic dart appears from out of thin air!
The magic dart hits you! The orc hits you but does no damage.
You are too injured to fight recklessly! 😮 HP[-7]
You take 7 damage, and now have 15/27 hp.
MASSIVE DAMAGE!! (PAUSE)
Something hits you but does no damage. The orc barely misses you.
Something hits you.
* * * LOW HITPOINT WARNING * * *
The orc attacks as you move away! The orc misses you. You furiously retaliate!
You headbutt the orc!
You kill the orc! 😨 HP[-2]
You take 2 damage, and now have 13/27 hp.
Something hits you!
* * * LOW HITPOINT WARNING * * *
The orc attacks as you move away!
The orc hits you but does no damage. 😱 HP[-7]
You take 7 damage, and now have 6/27 hp.
MASSIVE DAMAGE!! (PAUSE)
You closely miss the orc. The orc barely misses you. You furiously retaliate!
You headbutt the orc!
You kill the orc!
You barely miss the jackal.
A jackal comes into view.
The jackal bites you.
* * * LOW HITPOINT WARNING * * *
You block the jackal's attack. 😱 HP[-1]
You take 1 damage, and now have 5/27 hp.
You closely miss the jackal.
The jackal barks!
You block the jackal's attack. The jackal closely misses you.
You hit the jackal but do no damage. Your headbutt misses the jackal.
The jackal bites you.
* * * LOW HITPOINT WARNING * * *
😱 HP[-1]
You take 1 damage, and now have 4/27 hp.
You closely miss the jackal. Your headbutt misses the jackal.
The jackal bites you but does no damage.
You block the jackal's attack.
You hit the jackal.
You kill the jackal!
The jackal barely misses you. You furiously retaliate!
You headbutt the jackal.
You have reached level 3!
Your experience leads to an increase in your attributes!
Increase (S)trength, (I)ntelligence, or (D)exterity?
You feel stronger. x2 😱 HP[+2] MP[+1]
You now have 33 max hp (+6).
You regained 2 hp, and now have 6/33 hp.
Your mp is fully restored (2).
You hit the jackal.
You kill the jackal!
Your Armour skill increases to level 4!
You closely miss the orc. The orc barely misses you.
You hit the orc but do no damage. The orc closely misses you.
The orc completely misses you.
You completely miss the orc. You headbutt the orc!
You kill the orc!
You now have 34 max hp (+1).
You miss something. Your headbutt misses something. Something hits you!
You die...

Skill      XL: |  1  2  3 |
---------------+----------+-----
Fighting       | 4 |  4.3
Maces & Flails | 3 |  3.3
Armour         | 4 |  4.0
Shields        | |  3.6

Action                   || total
-------------------------++-------
Melee: Flail             ||    46
       Headbutt          ||     7
Armor: Scale mail        ||    18
Dodge: Dodged            ||    29
Block: Buckler           ||    10

Levels and vault maps discovered:
D:1:      erik_arrival_orb_chamber, layout_basic,
          shapermc_ecumenical_altar_mp_ritualfount, serial_shops,
          nicolae_shop_stone
D:2:      layout_loops_ring

Notes
Turn   | Place    | Note
-------+----------+-------------------------------------------
     0 | D:1      | Sanktem7 the Minotaur Fighter began the quest for the Orb.
     0 | D:1      | Reached XP level 1. HP: 19/19 MP: 0/0
     0 | D:1      | magus.rc [v1.9.6]
   124 | D:1      | Found Ratsean's Antique Armour Shop.
   180 | D:1      | Reached XP level 2. HP: 25/27 MP: 1/1
   200 | D:1      | You pick up a book of the Earth and begin reading...
   200 | D:1      | You add the spells Leda's Liquefaction, Lee's Rapid
                  | Deconstruction and Statue Form to your library.
   274 | D:1      | Reached skill level 4 in Fighting
   358 | D:1      | Reached skill level 3 in Maces & Flails
   438 | D:1      | Found a faded altar of an unknown god.
   691 | D:2      | HP: 6/27 [something (7)]
   698 | D:2      | Reached XP level 3. HP: 6/33 MP: 2/2
   699 | D:2      | Reached skill level 4 in Armour
   702 | D:2      | Slain by an orc wizard

Vanquished Creatures
  A dart slug (D:1)
  4 orcs (D:2)
  2 bats (D:1)
  A giant cockroach (D:1)
  3 goblins (D:1)
  2 hobgoblins (D:1)
  2 jackals (D:2)
  3 kobolds (D:1)
  A ball python (D:1)
  A frilled lizard (D:1)
  4 rats (D:1)
24 creatures vanquished.

Table legend:
 A = Non-vault XP
 B = Vault XP
 C = Vault XP percentage of total XP
 D = Non-vault monster count
 E = Vault monster count
 F = Vault count percentage of total count
                 A         B        C        D         E       F
            +---------+---------+-------+---------+---------+-------
      Total |      46 |       0 |   0.0 |      24 |       0 |   0.0
            +---------+---------+-------+---------+---------+-------
        D:1 |      30 |       0 |   0.0 |      18 |       0 |   0.0
        D:2 |      16 |       0 |   0.0 |       6 |       0 |   0.0
            +---------+---------+-------+---------+---------+-------

Illustrated notes

Table legend:
 A = Kills in this place as a percentage of kills in entire the game.
 B = Kills by you in this place as a percentage of kills by you in the entire game.
 C = Kills by friends in this place as a percentage of kills by friends in the entire game.
 D = Other kills in this place as a percentage of other kills in the entire game.
 E = Experience gained in this place as a percentage of experience gained in the entire game.
 F = Experience gained in this place divided by the number of levels of this place that you have seen.
                   A       B       C       D       E      F
               +-------+-------+-------+-------+-------+----------------------
         Total | 100.0 | 100.0 |   N/A |   N/A | 100.0 |  23.0
       Dungeon | 100.0 | 100.0 |   N/A |   N/A | 100.0 |  23.0
               +-------+-------+-------+-------+-------+----------------------

Table legend: (Time is in decaauts)
 A = Elapsed time spent in this place.
 B = Non-inter-level travel time spent in this place.
 C = Inter-level travel time spent in this place.
 D = Time resting spent in this place.
 E = Time spent auto-exploring this place.
 F = Levels seen in this place.
 G = Mean time per level.
                   A        B        C        D        E       F      G
               +--------+--------+--------+--------+--------+-----+--------+
         Total |    714 |    709 |      5 |      0 |    581 |   2 |  357.0 |
       Dungeon |    714 |    709 |      5 |      0 |    581 |   2 |  357.0 |
               +--------+--------+--------+--------+--------+-----+--------+

Top non-repeatable levels by time:
     D:1: 679 daAuts
     D:2: 35 daAuts
